Unix NetHack Version 5.0.0-0 post-release - last build May 23 2026 06:08:33 (1c0ff79ee797540d5714e4e18072db0edd9e58ae,branch:main).

Game began 2026-05-25 13:11:29, ended 2026-05-25 16:04:27.

Atomicjoy, chaotic male elven Wizard

                                                ----        ---
                                               --..|--       .|
                                             ---...|.--      .|
                                             |........|      .|
                                             --.......|     -.|
            --   --                      ---- --h.....--     .|
           --......            -----------..----.......|     .-
           |...................................@...G...--   -.
           |.........           --  -----..---.G....-...|   |.|
           |        -                   --.|.G...--....---  |)|
                                         ....--.%|----...-- |.|
                                       .....  ----   ---..---.|
                                     .....            ..-.....|
                                  .......            |...-....--
                               .....(...             ----......--
                              ---......                 ---.....-
                                -...--                    |......|
                                .. -                      --.....|
                               --                          ---.---
                                                             ---
Atomicjoy the Evoker      St:10 Dx:13 Co:14 In:20 Wi:13 Ch:11  Chaotic
Dlvl:4  $:389 HP:0(19) Pw:19(27) AC:8  Xp:2/32 T:1488 

Latest messages:
 The gnome hits!
 The gnome hits!
 In what direction? 6
 The spell hits the gnome!
 The gnome resists!
 The gnome hits!
 You are beginning to feel hungry.
 What do you want to write with? [- ac-envwDG-JN or ?*] ?
 What do you want to write with? [- ac-envwDG-JN or ?*] <enter>
 Never mind.
 What do you want to write with? [- ac-envwDG-JN or ?*] ?
 What do you want to write with? [- ac-envwDG-JN or ?*] e
 You write in the dust with an uncursed ring of conflict.
 What do you want to write in the dust here? 
 Never mind.
 What do you want to eat? [t or ?*] >
 You don't have that object.
 What do you want to eat? [t or ?*] ?
 This food really hits the spot!
 You stop eating the food ration.
 In what direction? 3
 The spell hits the gnome!
 You kill the gnome!
 Welcome to experience level 2.
 The gnome picks up a food ration.
 In what direction? 3
 The spell hits the gnome!
 You kill the gnome!
 There is a gnome corpse here; eat it? [ynq] (n) y
 This gnome corpse tastes okay.
 You stop eating the gnome corpse.
 O - a food ration.
 The gnome suddenly falls asleep!
 The gnome throws a dart!
 You are hit by a dart.
 The gnome shoots an arrow!
 The arrow misses the gnome.
 The arrow hits the gnome.
 The gnome shoots an arrow!
 The arrow hits the gnome!
 The gnome is killed!
 The dwarf wields a broad short sword!
 The gnome hits!
 The gnome wields a bow!
 The gnome hits!
 The gnome shoots an arrow!
 You are hit by an arrow!
 You die...
 Do you want your possessions identified? [ynq] (y) y
 Do you want to see your attributes? [ynq] (y) q

Inventory:
 Coins    ('$')
  $ - 389 gold pieces
 Weapons  (')')
  H - 12 +0 arrows
  I - a blessed +0 bow
  N - a +0 dart
  J - a +0 dagger
  G - a +0 dwarvish spear
  w - a +0 elven dagger (weapon in right hand)
  v - a +0 orcish dagger
  a - a blessed +1 quarterstaff (alternate weapon; not wielded)
 Armor    ('[')
  r - an uncursed +0 orcish helm (being worn)
  K - an uncursed +0 pair of iron shoes
  b - an uncursed +0 cloak of magic resistance (being worn)
  L - an uncursed +0 dwarvish cloak
 Comestibles  ('%')
  t - an uncursed partly eaten food ration
  O - an uncursed food ration
 Scrolls  ('?')
  C - an uncursed scroll of blank paper
  j - an uncursed scroll of enchant armor
  i - 2 uncursed scrolls of identify
  x - a cursed scroll of identify
  k - an uncursed scroll of light
  y - an uncursed scroll of scare monster
  F - an uncursed scroll of teleportation
 Potions  ('!')
  g - an uncursed potion of gain energy
  q - 2 uncursed potions of healing
  f - an uncursed potion of object detection
  h - an uncursed potion of see invisible
 Rings    ('=')
  e - an uncursed ring of conflict
  d - an uncursed ring of teleportation
 Wands    ('/')
  c - a wand of undead turning (0:5)
 Tools    ('(')
  o - an uncursed tooled horn
  M - an uncursed lock pick
  n - a magic marker (0:21)
  s - a cursed magic whistle
 Gems/Stones  ('*')
  D - an uncursed worthless piece of yellow glass

Atomicjoy the Wizard's attributes:

Background:
 You were an Evoker, a level 2 male elven Wizard.
 You were chaotic, on a mission for Anhur
 who was opposed by Ptah (lawful) and Thoth (neutral).
 You were right-handed.
 You were in the Gnomish Mines, on level 4.
 You entered the dungeon 1488 turns ago.
 You had 32 experience points, 8 more were needed to attain level 3.

Basics:
 You had 0 out of 19 hit points.
 You had 19 out of 27 energy points (spell power).
 Your armor class was 8.
 Your wallet contained 389 zorkmids.
 Autopickup was off.

Final Characteristics:
 Your strength was 10 (limit:18).
 Your dexterity was 13 (limit:18).
 Your constitution was 14 (limit:16).
 Your intelligence was 20 (limit:20).
 Your wisdom was 13 (limit:20).
 Your charisma was 11 (limit:18).

Final Status:
 You weren't hungry.
 You were unencumbered.
 You were wielding a dagger.
 You were unskilled in dagger.

Final Attributes:
 You were devoutly aligned.
 You were magic-protected.
 You had infravision.
 You were warded.
 You are dead.

Miscellaneous:
 You didn't encounter any bones levels.
 Total elapsed playing time was 49 minutes and 12 seconds.

Major events:
 Turn
    1: Atomicjoy the chaotic male elven Wizard entered the dungeon
 1312: entered the Gnomish Mines
 1488: killed by an arrow

Spells:
 Name                 Level Category     Fail Retention
 force bolt             1   attack         0%  91%-100%
 create monster         2   clerical      63%  76%-100%
 light                  1   divination     0%  76%-100%
 identify               3   divination    86%  76%-100%

Skills:
 Fighting Skills
   bare handed combat [Unskilled]
   riding             [Unskilled]
 Weapon Skills
   dagger             [Unskilled]
   knife              [Unskilled]
   axe                [Unskilled]
   short sword        [Unskilled]
   club               [Unskilled]
   mace               [Unskilled]
   quarterstaff       [Basic]
   polearms           [Unskilled]
   spear              [Unskilled]
   trident            [Unskilled]
   sling              [Unskilled]
   dart               [Unskilled]
   shuriken           [Unskilled]
 Spellcasting Skills
   attack spells      [Basic]
   healing spells     [Unskilled]
   divination spells  [Unskilled]
   enchantment spells [Basic]
   clerical spells    [Unskilled]
   escape spells      [Unskilled]
   matter spells      [Unskilled]

Voluntary challenges:
 Character rerolling was not enabled.
 You never genocided any monsters.
 You never polymorphed an object.
 You never changed form.
 You used no wishes.
Achievements:
 You entered a shop.
 You entered the Gnomish Mines.

 The Dungeons of Doom: levels 1 to 4
    Level 1:
       Many fountains.
    Level 2:
       A fountain.
       Stairs down to The Gnomish Mines.
    Level 3:
       A general store.
    Level 4:
 The Gnomish Mines: levels 3 to 4
    Level 3:
    Level 4: <- You were here.
       Final resting place for
          you, killed by an arrow.


Vanquished creatures:
  a shrieker
  a dwarf
  a hobbit
  a yellow mold
  6 gnomes
  a gnome zombie
  2 geckos
  a jackal
  a fox
  a kobold
  3 goblins
  2 sewer rats
  3 grid bugs
  2 lichens
  4 newts
30 creatures vanquished.

No species were genocided or became extinct.

Game over:
                       ----------
                      /          \
                     /    REST    \
                    /      IN      \
                   /     PEACE      \
                  /                  \
                  |    Atomicjoy     |
                  |      389 Au      |
                  |   killed by an   |
                  |      arrow       |
                  |                  |
                  |                  |
                  |       2026       |
                 *|     *  *  *      | *
        _________)/\\_//(\/(/\)/\//\/|_)_______

Goodbye Atomicjoy the Wizard...

You died in The Gnomish Mines on dungeon level 4 with 629 points,
and 389 pieces of gold, after 1488 moves.
You were level 2 with a maximum of 19 hit points when you died.

